 Dungeon Crawl Stone Soup version 0.20.1-1-g8b1a95d (webtiles) character file.

1897 Folque the Conjurer (level 9, 0/56 HPs)
             Began as an Octopode Wizard on Oct 30, 2017.
             Was an Initiate of Vehumet.
             Shot with an arrow by a centaur (8 damage)
             ... on level 7 of the Dungeon.
             The game lasted 00:50:19 (8768 turns).

Folque the Conjurer (Octopode Wizard)               Turns: 8768, Time: 00:50:20

Health: 0/56       AC:  2    Str:  6    XL:     9   Next: 15%
Magic:  8/16       EV: 13    Int: 23    God:    Vehumet [......]
Gold:   174        SH:  0    Dex: 11    Spells: 7/18 levels left

rFire    . . .     SeeInvis +   n - +1 spear
rCold    . . .     Gourm    .   (no shield)
rNeg     . . .     Faith    .   a - +1 hat
rPois    +         Spirit   .   (no amulet)
rElec    .         Reflect  .   u - ring of see invisible
rCorr    .         Harm     .   v - ring of poison resistance
MR       .....                  (no ring)
Stlth    +++.......             (no ring)
Regen    0.2/turn               (no ring)
MPRegen  0.2/turn               (no ring)
                                (no ring)
                                (no ring)

@: no status effects
A: almost no armour, stealthy swim, amphibious, 8 rings, constrict 8, camouflage
1, gelatinous body 1
a: Renounce Religion


You were on level 7 of the Dungeon.
You worshipped Vehumet.
Vehumet was noncommittal.
You were not hungry.

You visited 2 branches of the dungeon, and saw 8 of its levels.

You collected 374 gold pieces.
You spent 200 gold pieces at shops.

Inventory:

Hand Weapons
 j - a +0 dagger
 n - a +1 spear (weapon)
Armour
 a - a +1 hat (worn)
 r - a +0 buckler
Jewellery
 u - a ring of see invisible (left tentacle)
 v - a ring of poison resistance (right tentacle)
Wands
 k - a wand of random effects (34/48)
Scrolls
 e - 8 scrolls of identify
 p - 5 scrolls of remove curse
Potions
 d - 2 potions of magic
 i - 2 potions of flight {unknown}
 m - 2 potions of invisibility {unknown}
 o - 3 potions of haste {unknown}
 q - 2 potions of might {unknown}
 z - 4 potions of lignification {unknown}
 A - a potion of cancellation {unknown}
 B - a potion of agility {unknown}
Books
 b - a book of Minor Magic

   Spells                             Type                      Level
   a - Magic Dart                     Conjuration                  1
   b - Blink                          Translocation                2
   c - Call Imp                       Summoning                    2
   d - Slow                           Hexes                        2
   e - Conjure Flame                  Conjuration/Fire             3
   f - Mephitic Cloud                 Conjuration/Poison/Air       3
 w - a book of Cantrips

   Spells                             Type                      Level
   a - Confusing Touch                Hexes                        1
   b - Animate Skeleton               Necromancy                   1
   c - Summon Small Mammal            Summoning                    1
   d - Apportation                    Translocation                1
 C - a book of Necromancy

   Spells                             Type                      Level
   a - Pain                           Necromancy                   1
   b - Animate Skeleton               Necromancy                   1
   c - Vampiric Draining              Necromancy                   3
   d - Regeneration                   Charms/Necromancy            3
   e - Animate Dead                   Necromancy                   4
   f - Control Undead                 Necromancy                   4
Comestibles
 c - 7 bread rations
 f - 3 royal jellies
 g - 8 fruits
 x - 6 meat rations


   Skills:
 - Level 3.0 Fighting
 - Level 3.0 Polearms
 - Level 2.0 Dodging
 - Level 2.6 Stealth
 - Level 5.1 Spellcasting
 * Level 6.8 Conjurations
 - Level 1.0 Summonings
 * Level 3.4 Necromancy
 - Level 1.0 Translocations
 - Level 1.6 Air Magic
 - Level 6.0 Poison Magic


You had 7 spell levels left.
You knew the following spells:

 Your Spells              Type           Power        Failure   Level  Hunger
a - Magic Dart            Conj           ####         1%          1    None
b - Call Imp              Summ           ##......     10%         2    None
c - Blink                 Tloc           N/A          10%         2    None
d - Mephitic Cloud        Conj/Pois/Air  ####....     3%          3    ##.....
e - Regeneration          Chrm/Necr      ##........   14%         3    ##.....


Dungeon Overview and Level Annotations

Branches:
Dungeon (7/15)             Temple (1/1) D:6

Altars:
Ashenzari
Cheibriados
Dithmenos
Elyvilon
Fedhas
Gozag
Makhleb
Nemelex Xobeh
Okawaru
Qazlal
Ru
Sif Muna
Trog
Uskayaw
Vehumet
Xom
Yredelemnul
Zin
The Shining One

Shops:
D:4 =


Innate Abilities, Weirdness & Mutations

You cannot wear most types of armour.
You are very stealthy in the water. (Stealth+)
You are amphibious.
You can wear up to eight rings at the same time.
You can use your tentacles to constrict eight enemies at once.
Your skin changes colour to match your surroundings (Stealth+).
Your rubbery body absorbs attacks. (AC +1, EV +1)


Message History

The orc priest barely misses your crimson imp.
Your crimson imp barely misses the orc priest.
Your crimson imp hits the orc priest but does no damage.
Attack whom?
Press: ? - help, Dir - move target cursor, f - orc priest
Aim: an orc priest, wielding a flail and wearing a ring mail You reach to attack!
You hit the orc priest.
The orc priest is moderately wounded.
The orc priest barely misses your crimson imp.
Attack whom?
Press: ? - help, Dir - move target cursor, f/p - orc priest
Aim: an orc priest, wielding a flail and wearing a ring mail (moderately wounded)
You could not reach far enough!
Your crimson imp hits the orc priest.
Your crimson imp hits the orc priest but does no damage.
You swap places.
Your surroundings suddenly seem different.
A centaur comes into view.
The centaur shouts!
The centaur wields a shortbow.
The centaur shoots an arrow.
The arrow hits you!
You die...

#### #@.#********#
#.....%..,..#
*******#..########.####
*,,,,,,c..#...........#
*,*****#..#......#.##.#
*,* #..#..###5#.##.# *
*,* #..#.o* #5#.##.#
******* *,* #..#o.*
#o#.##.# ,,,,,,* *,*
*,,#.)###5#.##.###


You could see a centaur.

Vanquished Creatures
  A water moccasin (D:7)
  A hornet zombie (D:6)
  A bullfrog (D:6)
  A wyvern zombie (D:6)
  2 scorpions (D:4)
  2 killer bees (D:7)
  A hound (D:4)
  A jelly (D:7)
  7 orc wizards
  A centaur skeleton (D:4)
  4 worker ants
  Ijyb (D:2)
  2 hound skeletons (D:4)
  A howler monkey zombie (D:5)
  7 adders
  A shadow imp (D:5)
  An ooze (D:1)
  2 dart slugs
  3 leopard geckos
  14 orcs
  4 bats
  5 giant cockroaches
  6 goblins
  6 hobgoblins
  6 jackals
  2 quokkas
  A ball python (D:2)
  3 frilled lizards
  7 kobolds
  A leopard gecko skeleton (D:5)
  4 rats
99 creatures vanquished.

Vanquished Creatures (collateral kills)
  A two-headed ogre (D:4)
  The ghost of Folque the Magician, a novice OpWz (D:4)
  An orc warrior (D:7)
  A bullfrog (D:7)
  2 scorpions
  3 killer bees (D:7)
  2 centaur zombies
  A crimson imp (D:5)
  A hound (D:7)
  2 orc wizards
  2 worker ants (D:5)
  4 adders
  3 gnolls (D:2)
  2 worms
  A dart slug (D:4)
  13 orcs
  A goblin (D:1)
  5 jackals
  A quokka (D:5)
  2 bats (D:1)
  A frilled lizard (D:1)
  A kobold (D:3)
  A quokka skeleton (D:5)
  A rat (D:3)
53 creatures vanquished.

Vanquished Creatures (others)
  An ogre (D:7)
1 creature vanquished.

Grand Total: 153 creatures vanquished

Notes
Turn   | Place    | Note
-------+----------+-------------------------------------------
     0 | D:1      | Folque the Octopode Wizard began the quest for the Orb.
     0 | D:1      | Reached XP level 1. HP: 11/11 MP: 4/4
   127 | D:1      | Reached skill level 1 in Fighting
   127 | D:1      | Reached XP level 2. HP: 12/18 MP: 0/6
   131 | D:1      | Learned a level 2 spell: Call Imp
   134 | D:1      | Learned a level 2 spell: Blink
   698 | D:1      | Reached XP level 3. HP: 18/24 MP: 7/7
   710 | D:1      | Learned a level 3 spell: Mephitic Cloud
  1262 | D:2      | Reached XP level 4. HP: 25/30 MP: 9/9
  1679 | D:2      | Reached skill level 1 in Poison Magic
  2163 | D:3      | Noticed Ijyb
  2194 | D:2      | Killed Ijyb
  2598 | D:3      | Reached XP level 5. HP: 31/36 MP: 6/10
  2634 | D:3      | Found a shadowy altar of Dithmenos.
  2758 | D:3      | Found a faded altar of an unknown god.
  3710 | D:4      | Noticed a two-headed ogre
  3731 | D:4      | Killed a two-headed ogre
  3731 | D:4      | Reached skill level 5 in Poison Magic
  3731 | D:4      | Reached XP level 6. HP: 42/42 MP: 0/13
  3731 | D:4      | Reached XP level 7. HP: 46/46 MP: 0/14
  3732 | D:4      | Noticed Folque's ghost (novice OpWz)
  4457 | D:4      | Killed Folque's ghost
  4457 | D:4      | Reached skill level 5 in Spellcasting
  5047 | D:4      | Found Edatom's Jewellery Boutique.
  5239 | D:4      | Reached XP level 8. HP: 27/52 MP: 8/15
  5540 | D:5      | Entered Level 5 of the Dungeon
  5637 | D:5      | Reached skill level 1 in Polearms
  6148 | D:5      | Found a hide-covered altar of Uskayaw.
  6148 | D:5      | Noticed a dagger
  6148 | D:5      | Noticed a dagger
  6545 | D:4      | Bought an uncursed ring of poison resistance for 200 gold pieces
  6696 | D:6      | Found a staircase to the Ecumenical Temple.
  6714 | Temple   | Entered the Ecumenical Temple
  6727 | Temple   | Became a worshipper of Vehumet
  6836 | D:6      | Reached skill level 5 in Conjurations
  7067 | D:6      | Found a bloodstained altar of Trog.
  7570 | D:6      | Found a glowing silver altar of Zin.
  7572 | D:6      | Found a deep blue altar of Sif Muna.
  7587 | D:6      | Reached skill level 1 in Air Magic
  8007 | D:7      | Learned a level 3 spell: Regeneration
  8012 | D:7      | Reached skill level 1 in Necromancy
  8310 | D:7      | Reached XP level 9. HP: 56/56 MP: 10/16
  8768 | D:7      | Shot with an arrow by a centaur

Skill      XL: |  1  2  3  4  5  6  7  8  9 |
---------------+----------------------------+-----
Fighting       | 1 2 3 |  3.0
Poison Magic   | 2 5 6 |  6.0
Spellcasting   | 4 5 |  5.1
Conjurations   | 3 6 |  6.8
Polearms       | 3 |  3.0
Air Magic      | 1 |  1.6
Necromancy     | 2 3 |  3.4
Dodging        | |  2.0
Stealth        | |  2.6
Summonings     | |  1.0
Translocations | |  1.0

Action                   |  1- 3 |  4- 6 |  7- 9 || total
-------------------------+-------+-------+-------++-------
Melee: Unarmed           |    12 |       |       ||    12
       Tentacles         |     7 |    10 |    24 ||    41
       Constrict         |    10 |    16 |    34 ||    60
       Dagger            |    23 |       |       ||    23
       Spear             |    21 |   106 |   238 ||   365
 Cast: Magic Dart        |    21 |    33 |    70 ||   124
       Call Imp          |     7 |    20 |    90 ||   117
       Mephitic Cloud    |       |     2 |    12 ||    14
       Blink             |       |       |     2 ||     2
  Use: Scroll            |     3 |     1 |     6 ||    10
       Potion            |       |     1 |     5 ||     6
 Stab: Sleeping          |     2 |     5 |     2 ||     9
       Distracted        |       |       |     1 ||     1
       Confused          |       |       |     2 ||     2
  Eat: Chunk             |     1 |     7 |    17 ||    25
       Fruit             |       |     1 |       ||     1
Armor: Skin              |     5 |     8 |     3 ||    16
Dodge: Dodged            |    27 |    42 |   122 ||   191
